[Event "Open Nuevo Centro. Jornada 1"]
[Site "Chess.com"]
[Date "2020.06.19"]
[Round "3"]
[White "Saiz Sapena, Veronica"]
[Black "R�os Valle, Daniel "]
[Result "0-1"]
[WhiteElo "1577"]
[BlackElo "1189"]
[TimeControl "180+2"]
[EndTime "11:03:54 PDT"]
[Termination "Victoria de danielrios010309 por jaque mate"]

1. e4 c5 2. Nf3 Nc6 3. d4 cxd4 4. Nxd4 Nf6 5. Nc3 d6 6. Bb5 Bd7 7. O-O a6 8. Nxc6 Bxc6 9. Bxc6+ bxc6 10. Qf3 Qc7 11.
Bf4 e5 12. Bg5 Be7 13. Rfd1 O-O 14. Rd2 Rfd8 15. Rad1 Rd7 16. Qe2 Qb6 17. Bxf6 Bxf6 18. b3 Rad8 19. Na4 Qa5 20. Qc4 Qb5 21. Qxb5 axb5 22.
Nc5 Bg5 23. Rd3 Ra7 24. a4 bxa4 25. Nxa4 Be7 26. g3 h6 27. Kg2 Kh7 28. h4 Ra5 29. Rf3 f6 30. Rfd3 d5 31. exd5 Raxd5 32. Rxd5 Rxd5 33.
Rxd5 cxd5 34. Kf3 Kg6 35. Ke3 Kf5 36. f3 d4+ 37. Kd3 Bd6 38. Nb6 Bc5 39. Nc4 g5 40. h5 g4 41. fxg4+ Kxg4 42. Ke4 Kxh5 43. Nd2 Kg4 44. Nf3 Kxg3 45. Nd2 h5 46. Kf5 Be7 47. Ke6 Bd8 48. Kf5 h4 49. Ne4+ Kf3 50. Nd2+ Kg3 51. Ne4+ Kg2 52. Kg4 h3 53. Ng3 h2 54. b4 Bc7 55. b5 e4 56. Nxe4 h1=Q 57. b6 Qh3# 0

[Event "Open Nuevo Centro. Jornada 1"]
[Site "Chess.com"]
[Date "2020.06.19"]
[Round "3"]
[White "Hern�ndez Tom�s, Efr�n"]
[Black "Morata Briones, Carlos"]
[Result "1-0"]
[WhiteElo "904"]
[BlackElo "525"]
[TimeControl "180+2"]
[EndTime "11:03:59 PDT"]
[Termination "Victoria de EfrenHT10 por jaque mate"]

1. e4 e5 2. Nf3 Qf6 3. Bc4 Nc6 4.
d3 Nd4 5. Ng5 Nh6 6. O-O d6 7.
c3 Ne6 8. Nxe6 Bxe6 9. Bxe6 fxe6 10. Bxh6 Qxh6 11. Nd2 d5 12. exd5 exd5 13. c4 dxc4 14.
Nxc4 Rd8 15. Qe2 b5 16. Qxe5+ Be7 17. Rfe1 Rd7 18. Na5 O-O 19. Nc6 Bd6 20. Qe6+ Kh8 21. Qxd7 Qxh2+ 22. Kf1 Qg3 23. f3 Qf4 24. Re4 Qf6 25.
Qe6 h6 26. Qxf6 Rxf6 27. Nxa7 Rf5 28. Re8+ Kh7 29. Nxb5 Bc5 30. Nxc7 Bd6 31. Rc1 Rf8 32. Rxf8 Bxf8 33. Ne6 Be7 34. Rc7 Bf6 35. b4 Be5 36. Rc5 Bd6 37. Rf5 Kg6 38. Rb5 Kf6 39. Nd4 Ke7 40. a4 Kd7 41. a5 Kc7 42. a6 Kc8 43. a7 Be5 44. a8=Q+ Bb8 45. Qxb8+ Kd7 46. Qe5 Kc8 47. Rc5+ Kb7 48. Qd6 Ka7 49. Rc7+ Kb8 50. Qd8# 1

[Event "Open Nuevo Centro. Jornada 1"]
[Site "Chess.com"]
[Date "2020.06.19"]
[Round "3"]
[White "Beneyto de Ramon, Guillermo"]
[Black "Gutierrez Marco, Dario"]
[Result "0-1"]
[WhiteElo "1488"]
[BlackElo "1932"]
[TimeControl "180+2"]
[EndTime "11:04:02 PDT"]
[Termination "Victoria de rususs por abandono"]

1. c4 e5 2. Nc3 Nf6 3. g3 Bc5 4. Bg2 Nc6 5. Nf3 d6 6. d3 O-O 7.
Bg5 h6 8. Bh4 Bg4 9. Nd5 Kh7 10.
Bxf6 gxf6 11. O-O f5 12. Nh4 Qg5 13. h3 Bh5 14. Kh2 Nd4 15. Nf3 Nxf3+ 16. Bxf3 Bxf3 17.
exf3 Rg8 18. g4 c6 19. Nc3 Qf4+ 20. Kg2 h5 21. Rh1 Kg7 22. Qc1 fxg4 23. Qxf4 exf4 24. fxg4 hxg4 25. hxg4 Kf8 26. Kf3 Ke7 27. Ne4 Bd4 28. Rab1 d5 29. Nc3 dxc4 30. dxc4 Rae8 31. Rhe1+ Kf8 32. Rxe8+ Kxe8 33. Re1+ Kf8 34. Re4 c5 35. Rxf4 Rh8 36. Kg2 Rg8 37. f3 Ke7 38. Kf1 Kd7 39. Ke2 Re8+ 40. Kd3 Re3+ 41. Kd2 Re7 42. b3 Kc6 43.
Nb5 Be3+ 44. Kd3 Bxf4 45. Nc3 Re3+ 46. Kd2 Rxf3+ 47. Ke2 Rxc3 0

[Event "Open Nuevo Centro. Jornada 1"]
[Site "Chess.com"]
[Date "2020.06.19"]
[Round "3"]
[White "Lloret Ramis, Juan Jos�"]
[Black "Martinez Villena, David"]
[Result "0-1"]
[WhiteElo "1975"]
[BlackElo "1713"]
[TimeControl "180+2"]
[EndTime "11:04:17 PDT"]
[Termination "Victoria de DavidMVAlaquas por abandono"]

1. c4 c5 2. Nc3 Nf6 3. Nf3 Nc6 4. g3 d5 5. cxd5 Nxd5 6. Bg2 Nc7 7.
O-O e5 8. d3 Be7 9. Nd2 O-O 10.
Bxc6 bxc6 11. Qa4 Bh3 12. Re1 Qd7 13. Nc4 f6 14. Na5 Nb5 15. Be3 Kh8 16. Rac1 Rfc8 17.
Ne4 Nd4 18. Nxc5 Bxc5 19. Rxc5 Qg4 20. f3 Nxf3+ 21. exf3 Qxa4 22. a3 Rab8 23. Nc4 Qb3 24. Nd6 Qxd3 25. Nxc8 Rxc8 26. Kf2 h6 27. g4 f5 28.
gxf5 Bxf5 29. Rec1 e4 30. f4 Qd7 31. Re5 Qf7 32. Rcc5 Bd7 33. b4 Qa2+ 34. Kg3 Qxa3 35.
Rxe4 Qd3 36. Rce5 Qd1 37. Kf2 Qc2+ 38. Kg3 a6 39. Bd4 Qd3+ 40. Kf2 Qc2+ 41. Kg3 Rf8 42.
Re7 Rg8 43. Rxd7 Qxe4 44. Be5 Qe3+ 45. Kg4 Kh7 46. Kf5 Qb3 47. h4 Qxb4 48. h5 Qf8+ 49.
Kg4 Qc8 0

[Event "Open Nuevo Centro. Jornada 1"]
[Site "Chess.com"]
[Date "2020.06.19"]
[Round "3"]
[White "Moreno Garc�a, Gonzalo "]
[Black "Furio Martinez, Francisco"]
[Result "0-1"]
[WhiteElo "579"]
[BlackElo "948"]
[TimeControl "180+2"]
[EndTime "11:04:27 PDT"]
[Termination "Victoria de Marcos-F2010 por tiempo"]

1. e4 e6 2. d4 d5 3. e5 Nd7 4. Nf3 f6 5. Nc3 b6 6. Bb5 Bb7 7. exf6 Nxf6 8. Bg5 Be7 9. Bxf6 Bxf6 10. Qe2 O-O 11.
O-O Qe8 12. h3 Rc8 13. Rad1 c6 14. Bd3 c5 15. dxc5 bxc5 16. b3 Bxc3 17. g3 d4 18. h4 Bxf3 19. Qe5 Nxe5 20. Bxh7+ Kxh7 21. Rd3 Nxd3 22. Rd1 Bxd1 23. Kh1 Bxc2 24. Kg2 Bxb3 25. axb3 Nxf2 26. Kh2 Nh1 27. Kxh1 c4 28. b4 a5 29. b5 Rc6 30. bxc6 Qxc6+ 31. Kh2 Rf1 32. Kh3 Qh1+ 33.
Kg4 Rf4+ 34. Kxf4 e5+ 35. Kxe5 Bb4 36. Ke6 Be7 37. Kxe7 Qc6 38. Kf7 Qh6 39. Ke8 Qg6+ 40. Ke7 Kg8 41. Kd7 Qf6 42. Ke8 Qf7+ 43. Kd8 Kh7 44.
Kc8 Qe7 45. Kb8 Qd7 46. Ka8 Kg6 47. Kb8 Kf6 48. Ka8 Ke6 49. Kb8 Kd6 50. Ka8 Kc6 0

[Event "Open Nuevo Centro. Jornada 1"]
[Site "Chess.com"]
[Date "2020.06.19"]
[Round "3"]
[White "Deusa Ballesteros, Lucas "]
[Black "Gutierrez Lacambra, Jose Antonio"]
[Result "1-0"]
[WhiteElo "1457"]
[BlackElo "1234"]
[TimeControl "180+2"]
[EndTime "11:04:29 PDT"]
[Termination "Victoria de facundillo2009 por jaque mate"]

1. e4 c5 2. Nf3 d6 3. d4 cxd4 4. Nxd4 Nf6 5. Nc3 a6 6. Be2 e5 7. Nb3 Be6 8. Be3 Nc6 9. O-O Be7 10. f3 Qc7 11. Nd5 Bxd5 12. exd5 Na5 13. Nxa5 Qxa5 14. c4 Rc8 15. b3 O-O 16. Qe1 Qc7 17. Rc1 b6 18.
Qg3 Rfe8 19. Qf2 Rb8 20. Rfd1 Bf8 21. a3 Qb7 22. Qe1 Rec8 23. b4 Nd7 24. f4 exf4 25. Bxf4 Re8 26. Qf2 Ne5 27. Bh5 Rbc8 28. Bxe5 dxe5 29.
Bg4 Rcd8 30. Re1 f6 31. Bf3 Qd7 32. h3 a5 33. Bg4 Qc7 34. Be6+ Kh8 35. bxa5 bxa5 36.
a4 Be7 37. c5 Rc8 38. d6 Bxd6 39. cxd6 Qxd6 40. Bxc8 Qb8 41. Bg4 Qb4 42. Red1 Rg8 43. Qd2 f5 44. Qxb4 axb4 45. Bxf5 g6 46. Bb1 Rb8 47.
Rc7 Re8 48. Rdd7 Kg8 49. Rg7+ Kf8 50. Rcf7# 1

[Event "Open Nuevo Centro. Jornada 1"]
[Site "Chess.com"]
[Date "2020.06.19"]
[Round "3"]
[White "Camison Zornoza, Cesar"]
[Black "Donate Moreno, Silvia"]
[Result "0-1"]
[WhiteElo "1389"]
[BlackElo "1778"]
[TimeControl "180+2"]
[EndTime "11:04:36 PDT"]
[Termination "Victoria de 2camarones por tiempo"]

1. e4 c5 2. d4 cxd4 3. c3 dxc3 4. Nxc3 Nc6 5. Nf3 d6 6. Bc4 e6 7.
O-O Nf6 8. Qe2 Be7 9. Rd1 Qc7 10.
Nb5 Qb8 11. Bf4 Ne5 12. Nxe5 dxe5 13. Bg5 O-O 14. Rac1 a6 15. Nc3 b5 16. Bb3 Bb7 17. Bxf6 Bxf6 18. Qg4 Rd8 19. Ne2 Rxd1+ 20. Rxd1 Qc7 21.
Ng3 Rd8 22. Rf1 Qe7 23. Nh5 Rd4 24. f3 g6 25. Rc1 Bg5 26. f4 exf4 27. Nxf4 Bxf4 28.
Qxf4 e5 29. Qf2 Rxe4 30. Rf1 Rf4 31. Qe2 Qc5+ 32. Kh1 Rxf1+ 33. Qxf1 Bd5 34. Bxd5 Qxd5 35. b3 Kg7 36. h3 e4 37. Qc1 Qe5 38. Qe3 f5 39. Qa7+ Kh6 40. Qe3+ f4 41. Qb6 e3 42. Qd8 e2 43. Qf8+ Kh5 44. g4+ fxg3 45. Qf3+ Kg5 46. Qg4+ Kf6 47. Qf3+ Ke7 48. Qb7+ Ke6 49. Qc8+ Kd5 50. Qb7+ Kd4 51. Qb6+ Ke4 0

[Event "Open Nuevo Centro. Jornada 1"]
[Site "Chess.com"]
[Date "2020.06.19"]
[Round "3"]
[White "Donate Moreno, David"]
[Black "Hassomal Daswani, Birjkumar"]
[Result "0-1"]
[WhiteElo "1486"]
[BlackElo "1839"]
[TimeControl "180+2"]
[EndTime "11:04:44 PDT"]
[Termination "Victoria de daz000007 por abandono"]

1. e4 c5 2. Nf3 e6 3. d4 cxd4 4. Nxd4 Bc5 5. c4 Qb6 6. Nb5 Bxf2+ 7. Ke2 Bc5 8. Bf4 Na6 9. Bd6 Ne7 10. Bxc5 Qxc5 11. Nd6+ Kf8 12. g3 Qh5+ 13. Kd2 Qxd1+ 14. Kxd1 Nc5 15. b4 Na6 16. c5 b6 17. Nxc8 Nxb4 18. Nxe7 Kxe7 19. cxb6 axb6 20. Nc3 Rhc8 21. Kd2 Ra3 22. Rc1 Nxa2 23. Nxa2 Rxa2+ 24. Kd1 Rxc1+ 25. Kxc1 Kd6 26. Kb1 Rd2 27. Kc1 Rf2 28. Bd3 Ke5 29.
Bc2 g5 30. h3 h5 31. Rg1 d6 32. g4 h4 33. Rh1 f6 34. Kb2 Rf3 35. Ba4 Kd4 36.
Rd1+ Kxe4 37. Bc6+ d5 38. Re1+ Kd4 39. Rxe6 Rxh3 40.
Rxf6 Rg3 41. Bd7 h3 42. Rf1 Rg2+ 43. Kb3 h2 44. Rh1 Ke3 45. Bc6 Rd2 46. Kb4 Kf3 47.
Kc3 Ke3 48. Re1+ Re2 49. Rh1 d4+ 50. Kc4 d3 51. Kc3 d2 52. Kc2 Re1 53. Bf3 Kxf3 54. Rxh2 0

[Event "Open Nuevo Centro. Jornada 1"]
[Site "Chess.com"]
[Date "2020.06.19"]
[Round "3"]
[White "Blanco Solaz, Ram�n"]
[Black "Alegre Romaguera, Francesc"]
[Result "1-0"]
[WhiteElo "1983"]
[BlackElo "1222"]
[TimeControl "180+2"]
[EndTime "11:04:55 PDT"]
[Termination "Victoria de Rbs77 por tiempo"]

1. g3 Nf6 2. c4 g6 3. Bg2 Bg7 4. Nc3 d6 5. e4 O-O 6. Nge2 Nbd7 7. O-O c6 8. h3 e5 9. d3 a5 10. Be3 Nb6 11. b3 Be6 12. f4 exf4 13. gxf4 d5 14.
c5 Nc8 15. f5 Bd7 16. e5 Bxf5 17. exf6 Bxf6 18. Bd4 Re8 19. Qd2 Bg5 20. Qc2 Be3+ 21. Kh1 Qg5 22. Rf3 Bxd4 23. Nxd4 Re3 24. Nxf5 Rxf3 25.
Bxf3 Qxf5 26. Bg4 Qf6 27. Re1 Ne7 28. Nd1 Nf5 29. Qf2 Kg7 30. Rf1 Ng3+ 31. Kg2 Nxf1 32.
Qxf1 Qxf1+ 33. Kxf1 f5 34. Bf3 Re8 35. Kf2 Kf6 36. Ne3 f4 37. Ng4+ Kg5 38. Kg2 h5 39.
Nf2 Re1 40. Nd1 Re8 41. Kf2 Kf5 42. Nc3 Re3 43. Be2 Rxh3 44. Bf1 Rh2+ 45. Bg2 h4 46. Kg1 Rxg2+ 47. Kxg2 g5 48. Ne2 Kg4 49. Ng1 Kf5 50.
Nf3 Kg4 51. Nh2+ Kf5 52. Kf3 h3 53. a3 d4 54. b4 a4 55. Ng4 1

[Event "Open Nuevo Centro. Jornada 1"]
[Site "Chess.com"]
[Date "2020.06.19"]
[Round "3"]
[White "Limaymanta Solis, Luis Anderson"]
[Black "Zakharash, Georgii"]
[Result "0-1"]
[WhiteElo "1073"]
[BlackElo "945"]
[TimeControl "180+2"]
[EndTime "11:05:03 PDT"]
[Termination "Victoria de georgiizakharash por jaque mate"]

1. e3 e5 2. b3 d5 3. Nf3 e4 4. Nd4 Nf6 5. Bb5+ c6 6. Bf1 Bc5 7. Bb2 Bg4 8. f3 Bh5 9. g4 Bg6 10.
Bh3 exf3 11. Qxf3 Be4 12. Qf1 Bxh1 13. Qxh1 O-O 14. Na3 Bxd4 15. Bxd4 Ne4 16. O-O-O Nf2 17. Qf1 Nxd1 18. Qxd1 Nd7 19. Bf1 Qa5 20. Bb2 b5 21. c3 b4 22. cxb4 Qxb4 23. Kb1 Qe4+ 24. Nc2 Qh1 25. Qe2 Qe4 26. Bh3 Ne5 27. g5 f6 28. g6 Nxg6 29. Ka1 f5 30. Nd4 c5 31.
Nf3 f4 32. Bg2 fxe3 33. Ng5 Qf5 34. Nf3 Qg4 35. dxe3 Rxf3 36. Bxf3 Qg1+ 37. Qd1 Qxd1+ 38. Bxd1 Rd8 39. a4 d4 40. e4 d3 41. e5 Nxe5 42.
Bxe5 Re8 43. Bd6 d2 44. Bg3 Re1 45. Bxe1 dxe1=Q 46. Kb2 Qxd1 47. Kc3 Qe2 48. a5 Qxh2 49. Kc4 Qa2 50. Kxc5 Qxb3 51. Kd6 Qa4 52. Ke6 Qxa5 53. Kd6 Kf7 54. Kc6 Ke6 55. Kb7 a6 56. Kc6 Qb5+ 57. Kc7 Kd5 58. Kc8 Kc6 59. Kd8 Kd6 60. Kc8 Qc6+ 61.
Kb8 Qc7+ 62. Ka8 Qd7 63. Kb8 Kc6 64. Ka8 Qb7# 0

[Event "Open Nuevo Centro. Jornada 1"]
[Site "Chess.com"]
[Date "2020.06.19"]
[Round "3"]
[White "Yatseta Fernandez, Marc Kazymyr"]
[Black "Zamora Soler, Raul"]
[Result "1-0"]
[WhiteElo "1403"]
[BlackElo "1746"]
[TimeControl "180+2"]
[EndTime "11:06:34 PDT"]
[Termination "Victoria de K_73 por jaque mate"]

1. d4 d5 2. c4 e6 3. g3 Nf6 4.
Bg2 Be7 5. Nf3 c6 6. O-O O-O 7.
Bf4 Nbd7 8. Nbd2 dxc4 9. Nxc4 Nd5 10. Be3 b5 11. Nce5 Nxe3 12. fxe3 Bb7 13. Rc1 Rc8 14. Nxd7 Qxd7 15. Ne5 Qd6 16. a3 Ba8 17. b4 f6 18. Nd3 a5 19. Nc5 axb4 20. axb4 e5 21. Qb3+ Kh8 22. dxe5 Qxe5 23. Nd7 Qd6 24. Rfd1 Qxb4 25.
Qxb4 Bxb4 26. Nxf8 Bxf8 27. Rd7 c5 28. Bd5 Bxd5 29.
Rxd5 b4 30. Kf1 c4 31. Rb5 c3 32. Ke1 Bc5 33. e4 Be3 34. Rc2 Bd2+ 35. Kd1 Ra8 36.
Rxd2 cxd2 37. Kxd2 Ra2+ 38. Kc1 h6 39. Rxb4 Rxe2 40. Rb2 Rxe4 41. Kd2 Kh7 42. Kd3 Re1 43.
Rb7 h5 44. Kd2 Rh1 45. h4 Rg1 46. Rb3 Rg2+ 47. Ke1 Kg6 48. Kf1 Rc2 49. Ke1 f5 50.
Rb6+ Kh7 51. Rb5 g6 52. Rb7+ Kh6 53. Rb8 Rg2 54. Rb3 f4 55. gxf4 Rg4 56. Rb4 Rxh4 57. Kf2 Rxf4+ 58. Rxf4 Kg5 59. Ra4 h4 60. Kg2 Kh5 61. Kh3 g5 62. Kh2 Kg6 63. Kh3 Kh5 64. Ra5 Kh6 65. Kg4 h3 66. Kxh3 Kh5 67. Kg3 Kg6 68.
Kg4 Kf6 69. Rxg5 Ke6 70. Ra5 Kd6 71. Kf4 Kc6 72. Rh5 Kd6 73. Ke4 Ke6 74. Re5+ Kf6 75.
Kf4 Kg6 76. Kg4 Kf6 77. Kf4 Kg6 78. Re6+ Kf7 79. Kf5 Kg7 80. Re7+ Kf8 81. Kf6 Kg8 82. Ra7 Kh8 83. Kg6 Kg8 84. Ra8# 1

[Event "Open Nuevo Centro. Jornada 1"]
[Site "Chess.com"]
[Date "2020.06.19"]
[Round "3"]
[White "Yuste Valenzuela, Alejandro"]
[Black "Aymerich Rosell, Pablo"]
[Result "1-0"]
[WhiteElo "1793"]
[BlackElo "2007"]
[TimeControl "180+2"]
[EndTime "11:06:54 PDT"]
[Termination "Victoria de alejandrito290 por jaque mate"]

1. e4 c6 2. d4 d5 3. e5 c5 4. dxc5 e6 5. a3 Bxc5 6. b4 Be7 7. Bb2 Nh6 8. Nf3 O-O 9. Bd3 a5 10. b5 Nd7 11. Nbd2 Nc5 12. O-O b6 13. Nb3 Nxd3 14. cxd3 a4 15. Nbd4 Bc5 16. Nc6 Qc7 17. d4 Be7 18.
Rc1 Bb7 19. h3 Bxc6 20. Rxc6 Qb7 21. Qc2 Rfc8 22. Rc1 Rxc6 23. Qxc6 Qxc6 24. Rxc6 Rb8 25. g4 Kf8 26. Kf1 Ke8 27. Ne1 Kd7 28. Nd3 Ng8 29. f4 Bf8 30. Ke2 Ne7 31. Rc2 Ng6 32. f5 Ne7 33. f6 gxf6 34. exf6 Ng6 35. h4 Bd6 36. h5 Nf4+ 37. Nxf4 Bxf4 38. Kd3 Rg8 39. Rg2 Bd6 40.
Bc1 Ra8 41. g5 Ra5 42. g6 fxg6 43. hxg6 hxg6 44. Rxg6 Rxb5 45. Rg7+ Ke8 46. f7+ Kd8 47. Rg8+ Kc7 48. f8=Q Bxf8 49. Rxf8 Rb3+ 50. Kc2 Kc6 51.
Rc8+ Kd6 52. Bf4+ Kd7 53. Rc7+ Kd8 54. Rc3 Rb5 55. Be5 Kd7 56. Rc7+ Kd8 57. Rc3 Kd7 58. Kd3 Rb1 59. Kc2 Rf1 60. Rg3 Rf2+ 61. Kc3 Kc6 62. Kb4 Rb2+ 63. Kc3 Rb3+ 64. Kc2 Rxg3 65.
Bxg3 Kb5 66. Kc3 Kc6 67. Kb4 b5 68. Bh4 Kd6 69. Kxb5 e5 70. Bg3 Ke6 71. Bxe5 Kd7 72. Kxa4 Kc6 73. Kb4 Kb6 74. a4 Kc6 75. a5 Kb7 76. Kc5 Ka6 77. Bc7 Kb7 78. Bb6 Ka6 79. Kxd5 Kb5 80. Ke6 Kc6 81. d5+ Kb7 82. d6 Ka6 83. d7 Kb7 84. d8=Q Ka6 85. Qa8+ Kb5 86. a6 Kxb6 87. Qb7+ Kc5 88. Qd5+ Kb6 89. a7 Kxa7 90. Qb3 Ka6 91. Kd6 Ka5 92. Kc5 Ka6 93. Qb6# 1

[Event "Open Nuevo Centro. Jornada 1"]
[Site "Chess.com"]
[Date "2020.06.19"]
[Round "4"]
[White "Morata Briones, Carlos"]
[Black "Serradilla Revert, Rodrigo"]
[Result "1-0"]
[WhiteElo "590"]
[BlackElo "491"]
[TimeControl "180+2"]
[EndTime "11:10:03 PDT"]
[Termination "Victoria de CarlosMorata por jaque mate"]

1. e4 e5 2. Qh5 g6 3. Qxe5+ Be7 4. Qxh8 Kf8 5. b3 Bf6 6. Qxh7 Bxa1 7. c3 Nf6 8. Qh8+ Ng8 9. Bc4 Qe8 10. Ba3+ d6 11. f3 g5 12. Qh7 g4 13. Kd1 gxf3 14. Nxf3 Qxe4 15. Qxf7# 1

[Event "Open Nuevo Centro. Jornada 1"]
[Site "Chess.com"]
[Date "2020.06.19"]
[Round "4"]
[White "Mena Sancho, Angel"]
[Black "Ainsa Jimenez, Lucas"]
[Result "1-0"]
[WhiteElo "1508"]
[BlackElo "989"]
[TimeControl "180+2"]
[EndTime "11:10:07 PDT"]
[Termination "Victoria de amena6 por jaque mate"]

1. e4 e5 2. Nf3 Nc6 3. Bc4 Bc5 4.
b4 Bxb4 5. c3 Bc5 6. d4 exd4 7.
cxd4 Bb4+ 8. Bd2 Bxd2+ 9. Nbxd2 Nf6 10. e5 Ng8 11. Qb3 Qe7 12. O-O Nh6 13. d5 Nxe5 14. Nxe5 Qxe5 15. Rfe1 Qxe1+ 16. Rxe1+ Kf8 17. d6 cxd6 18. Qe3 g6 19. Qxh6+ Kg8 20. Re8# 1

[Event "Open Nuevo Centro. Jornada 1"]
[Site "Chess.com"]
[Date "2020.06.19"]
[Round "4"]
[White "Gimeno Higueras, Roberto"]
[Black "Simarro Peir�, Andr�s"]
[Result "1-0"]
[WhiteElo "2059"]
[BlackElo "1186"]
[TimeControl "180+2"]
[EndTime "11:10:10 PDT"]
[Termination "Victoria de Chicogrande2 por jaque mate"]

1. e4 e5 2. Nf3 Nc6 3. Bb5 a6 4. Ba4 Nf6 5. O-O Bc5 6. c3 Nxe4 7. Qe2 Nf6 8. d4 Bd6 9. Bxc6 bxc6 10. dxe5 Qe7 11.
Re1 a5 12. exf6 Qxe2 13. Rxe2+ Kf8 14. Nh4 gxf6 15. Bh6+ Kg8 16. Re8+ Bf8 17. Rxf8# 1

[Event "Open Nuevo Centro. Jornada 1"]
[Site "Chess.com"]
[Date "2020.06.19"]
[Round "4"]
[White "Maestre Soler, Sergio"]
[Black "Donate Moreno, David"]
[Result "0-1"]
[WhiteElo "957"]
[BlackElo "1487"]
[TimeControl "180+2"]
[EndTime "11:10:39 PDT"]
[Termination "Victoria de sylar48 por abandono"]

1. e4 c6 2. Nf3 d5 3. Ng5 e5 4. d4 dxe4 5. Qh5 Nh6 6. Bc4 g6 7.
Qf3 exf3 8. d5 fxg2 9. Rg1 cxd5 10. Bb3 Bf5 11. Nc3 d4 12. Nd5 Bxc2 13. Ba4+ Bxa4 14. b3 Qa5+ 15. Bd2 Bb4 0

[Event "Open Nuevo Centro. Jornada 1"]
[Site "Chess.com"]
[Date "2020.06.19"]
[Round "4"]
[White "Mart�nez Cuenca, Jose Andr�s"]
[Black "Yeste Campos, Manuel"]
[Result "1-0"]
[WhiteElo "1282"]
[BlackElo "923"]
[TimeControl "180+2"]
[EndTime "11:10:43 PDT"]
[Termination "Victoria de JoseAndres2008 por jaque mate"]

1. e4 c5 2. Nf3 d6 3. d4 cxd4 4. Nxd4 Nf6 5. Nc3 a6 6. Bd3 e5 7.
Nf3 Nc6 8. Ne2 Bg4 9. c3 Rc8 10. Ng3 Be7 11. O-O O-O 12. Bg5 d5 13. exd5 Nxd5 14.
Bxe7 Qxe7 15. Qe2 Rfe8 16. Qe4 Bxf3 17. Qxh7+ Kf8 18. Qh8# 1

[Event "Open Nuevo Centro. Jornada 1"]
[Site "Chess.com"]
[Date "2020.06.19"]
[Round "4"]
[White "Haoyou, Deng"]
[Black "Macias Pino, Diego"]
[Result "0-1"]
[WhiteElo "1813"]
[BlackElo "2178"]
[TimeControl "180+2"]
[EndTime "11:11:40 PDT"]
[Termination "Victoria de jesuimafe por abandono"]

1. d4 d5 2. c4 dxc4 3. e3 Nf6 4. Bxc4 a6 5. a4 e6 6. Nf3 b6 7. O-O Bb7 8. Nc3 Nbd7 9. b3 Be7 10. Ba3 O-O 11.
Bxe7 Qxe7 12. Rc1 Rfd8 13. Qc2 c5 14. Be2 h6 15. Rfd1 Rac8 16. Qb2 cxd4 17. Nxd4 Nc5 18.
Bf3 Bxf3 19. Nxf3 Nd3 20. Qb1 Nxc1 21. Rxc1 Qa3 22. h3 Nd5 23. Ne2 Rxc1+ 24. Nxc1 Nc3 25. Qc2 Qxc1+ 26. Qxc1 Ne2+ 0

[Event "Open Nuevo Centro. Jornada 1"]
[Site "Chess.com"]
[Date "2020.06.19"]
[Round "4"]
[White "Hassomal Daswani, Birjkumar"]
[Black "Gimenez Saiz, Jose Raul"]
[Result "1-0"]
[WhiteElo "1841"]
[BlackElo "1531"]
[TimeControl "180+2"]
[EndTime "11:11:45 PDT"]
[Termination "Victoria de daz000007 por abandono"]

1. e4 d5 2. exd5 Nf6 3. d4 Bg4 4. Ne2 Qxd5 5. Nbc3 Qh5 6. f3 Bd7 7. Ng3 Qa5 8. Bd2 c6 9. Bc4 e6 10. O-O Qc7 11. Re1 Bd6 12. Nge4 Nxe4 13. fxe4 Bxh2+ 14. Kh1 Qg3 15. Re3 Qh4 16. Rh3 1

[Event "Open Nuevo Centro. Jornada 1"]
[Site "Chess.com"]
[Date "2020.06.19"]
[Round "4"]
[White "Mart�nez Carvajal, Juan Francisco"]
[Black "Romero Barkouk, Rayan "]
[Result "1-0"]
[WhiteElo "1767"]
[BlackElo "1097"]
[TimeControl "180+2"]
[EndTime "11:11:49 PDT"]
[Termination "Victoria de JuanFcoMtnezCarvajal por abandono"]

1. Nf3 d5 2. c4 dxc4 3. Na3 Nf6 4. Nxc4 Nc6 5. d4 Be6 6. e3 Bxc4 7. Bxc4 e5 8. Nxe5 Nxe5 9. dxe5 Qxd1+ 10. Kxd1 O-O-O+ 11. Ke2 Ne4 12. Bxf7 Bb4 13. f3 Nd2 14. Rd1 Nc4 15. Bxc4 Rxd1 16. Kxd1 Re8 17. e6 Rd8+ 18. Ke2 Rd6 19.
a3 Ba5 20. b4 Bb6 21. Bb2 Rc6 22. Bb3 a6 23. Rd1 Kb8 24. e7 1

[Event "Open Nuevo Centro. Jornada 1"]
[Site "Chess.com"]
[Date "2020.06.19"]
[Round "4"]
[White "Ferrando Lacruz, Nicol�s "]
[Black "Galiana Ferrer, Oscar"]
[Result "1-0"]
[WhiteElo "1206"]
[BlackElo "829"]
[TimeControl "180+2"]
[EndTime "11:12:11 PDT"]
[Termination "Victoria de Nicolasvlc por jaque mate"]

1. d4 d5 2. Bf4 Nf6 3. Nf3 Nc6 4. e3 e6 5. Bd3 Bd6 6. Ne5 Bd7 7. Nd2 O-O 8. Ndf3 Nb4 9. c3 Nxd3+ 10. Qxd3 b6 11.
h4 c5 12. h5 cxd4 13. cxd4 a6 14. h6 gxh6 15. Bxh6 Bb5 16. Qc2 Re8 17. Ng5 Bb4+ 18. Kd1 Ne4 19. Nxe4 dxe4 20. Qxe4 Bd6 21. Qg4+ Kh8 22.
Qg7# 1

[Event "Open Nuevo Centro. Jornada 1"]
[Site "Chess.com"]
[Date "2020.06.19"]
[Round "4"]
[White "Miranda Calvo, Max Rodrigo"]
[Black "Luque Saiz, Andres"]
[Result "0-1"]
[WhiteElo "1169"]
[BlackElo "1710"]
[TimeControl "180+2"]
[EndTime "11:12:16 PDT"]
[Termination "Victoria de Chuch1n por abandono"]

1. e4 c6 2. d4 d5 3. e5 c5 4. c3 Nc6 5. Nf3 Bg4 6. Be2 e6 7.
h3 Bxf3 8. Bxf3 Nge7 9. Be3 Nf5 10. Nd2 cxd4 11. cxd4 Nfxd4 12. Bxd4 Nxd4 13. Qa4+ Nc6 14. Rc1 Qd7 15. Nb3 Nxe5 16. Qxd7+ Kxd7 17. O-O Nxf3+ 18. gxf3 b6 19. Rc2 Bd6 20. Rfc1 Rac8 21. Rxc8 Rxc8 22.
Rxc8 Kxc8 23. Kf1 Kc7 24. Ke2 Be5 25. Kd3 Bxb2 26. a4 Bf6 27. Nc1 Kc6 28. Nb3 h5 29. Kc2 Bh4 30. Kd3 Bxf2 31. Kc3 g5 32. Kb4 f5 33. Ka3 g4 34. hxg4 fxg4 35. fxg4 hxg4 36. Nd2 g3 37. Nf3 g2 38. Ne5+ Kd6 39. Nf3 e5 40.
Ng1 0

[Event "Open Nuevo Centro. Jornada 1"]
[Site "Chess.com"]
[Date "2020.06.19"]
[Round "4"]
[White "Deusa Ballesteros, Luis Miguel"]
[Black "Sanchis Bon, Sergi"]
[Result "1-0"]
[WhiteElo "1504"]
[BlackElo "966"]
[TimeControl "180+2"]
[EndTime "11:12:17 PDT"]
[Termination "Victoria de luma2 por jaque mate"]

1. d4 Nf6 2. c4 e6 3. Nc3 Be7 4. e4 d6 5. Nf3 Nbd7 6. Bd3 b6 7. d5 exd5 8. exd5 O-O 9. O-O Bb7 10. Re1 c6 11.
dxc6 Bxc6 12. Ne4 Nxe4 13. Bxe4 Bxe4 14. Rxe4 Nf6 15. Re2 Rc8 16. b3 Ne4 17. Rxe4 f5 18. Re6 g5 19. Bb2 g4 20. Nd2 Qe8 21. Qe2 Qh5 22.
Rxe7 Rce8 23. Re1 Rxe7 24. Qxe7 Rf7 25. Qxd6 g3 26. Re8+ Rf8 27. Qxf8# 1

[Event "Open Nuevo Centro. Jornada 1"]
[Site "Chess.com"]
[Date "2020.06.19"]
[Round "4"]
[White "Movsisyan, Tigran"]
[Black "Teply Koutsky, David"]
[Result "0-1"]
[WhiteElo "1875"]
[BlackElo "1669"]
[TimeControl "180+2"]
[EndTime "11:12:23 PDT"]
[Termination "Victoria de Mrchessmashine por abandono"]

1. d4 e6 2. c4 f5 3. Nc3 Nf6 4.
Bf4 d5 5. e3 c6 6. Bd3 Bd6 7. Bxd6 Qxd6 8. Nf3 Nbd7 9. Qc2 O-O 10. h3 Ne4 11. O-O-O a6 12. g4 Ndf6 13. gxf5 exf5 14.
Ne5 Nxc3 15. Qxc3 Ne4 16. Qc2 dxc4 17. Bxe4 fxe4 18. Qxe4 Rxf2 19. Rhg1 Bf5 20. Rxg7+ Kxg7 21. Rg1+ Kf8 22. Qh4 Rc2+ 23. Kd1 Rxb2 24. Nxc4 Rb1+ 25. Kd2 Qb4+ 26. Ke2 Qxc4+ 27. Kf3 Qd5+ 28. e4 Bxe4+ 29. Ke3 Rxg1 30. Qf6+ Qf7 31. Qd6+ Kg8 0

[Event "Open Nuevo Centro. Jornada 1"]
[Site "Chess.com"]
[Date "2020.06.19"]
[Round "4"]
[White "Saiz Sapena, Veronica"]
[Black "Lupu, Alexandru Mihai"]
[Result "1-0"]
[WhiteElo "1578"]
[BlackElo "1018"]
[TimeControl "180+2"]
[EndTime "11:12:31 PDT"]
[Termination "Victoria de Titina1 por tiempo"]

1. e4 e5 2. d4 Nc6 3. Nf3 exd4 4.
Bc4 Nf6 5. e5 Nh5 6. Nxd4 Nxe5 7.
Be2 Nf6 8. O-O Bc5 9. Nf3 Nc6 10. c3 O-O 11. b4 Bb6 12. a4 d5 13. a5 Bf5 14. axb6 axb6 15. Rxa8 Qxa8 16. Nbd2 Re8 17.
Nh4 Be6 18. Bb5 Re7 19. Bxc6 bxc6 20. Ndf3 Qd8 21. Nd4 c5 22. Nxe6 Rxe6 23. bxc5 bxc5 24. Bg5 c6 25. Nf5 1